 Dungeon Crawl Stone Soup version 0.30-a0-782-ge64f9170bb (webtiles) character file.

Game seed: 9866273726281641855

3 theswoord the Trooper (level 1, 18/18 HPs)
             Began as a Mummy Cinder Acolyte on Mar 16, 2023.
             Was a High Priest of Ignis.
             Safely got out of the dungeon.
             The game lasted 00:00:56 (76 turns).

theswoord the Trooper (Mummy Cinder Acolyte)          Turns: 76, Time: 00:00:57

Health: 18/18      AC:  2    Str: 17    XL:     1   Next: 41%
Magic:  3/3        EV: 11    Int: 13    God:    Ignis [*****.]
Gold:   0          SH:  0    Dex:  7    Spells: 3/3 levels left

rFire   . . .      SeeInvis .    a - -1 mace (flame)
rCold   + . .      Faith    +    (no shield)
rNeg    + + +      Spirit   .    b - +0 robe
rPois   ∞          Reflect  .    (no helmet)
rElec   .          Harm     .    (no cloak)
rCorr   .          Rampage  .    (no gloves)
Will    .....                    (no boots)
Stlth   +                        (no amulet)
HPRegen 0.23/turn                (no ring)
MPRegen 0.08/turn                (no ring)

@: no status effects
A: cold resistance 1, negative energy resistance 3, torment resistance 2, heat
vulnerability 1, no potions, faith
a: Renounce Religion, Fiery Armour, Foxfire Swarm, Rising Flame


You escaped.
You worshipped Ignis.
Ignis was extremely pleased with you.
You visited 1 branch of the dungeon, and saw 1 of its levels.

Inventory:

Hand Weapons
 a - a -1 mace of flaming (weapon)
Armour
 b - a +0 robe (worn)


   Skills:
 - Level 3.0 Fighting
 - Level 2.4 Maces & Flails
 + Level 1.7 Spellcasting
 + Level 2.5 Fire Magic


You had 3 spell levels left.
You didn't know any spells.
Your spell library contained the following spells:

 Spells                   Type           Power      Damage    Failure   Level
 Scorch                   Fire           14%        2d5       14%         2


Dungeon Overview and Level Annotations

Branches:
Dungeon (1/15)

Altars:

Shops:
D:1 [


Innate Abilities, Weirdness & Mutations

You are immune to poison.
Your flesh is cold resistant. (rC+)
You are immune to negative energy. (rN+++)
You are immune to unholy pain and torment.
You are vulnerable to heat. (rF-)
You do not drink.
You have a special connection with the divine. (Faith)


Message History

Okay, then.
Found 15 gold pieces.
A rat comes into view.
You barely miss the ball python. The ball python bites you.
The ball python barely misses you.
You closely miss the ball python. The ball python bites you.
The ball python barely misses you. The ball python bites you.
The ball python misses you.
You barely miss the ball python. The ball python bites you.
The ball python barely misses you.
You hit the ball python. You burn the ball python.
You kill the ball python!
You hit the rat. You burn the rat.
You kill the rat!
No target in view!
No target in view!
A hobgoblin comes into view.
A hobgoblin is nearby!
A hobgoblin is nearby!
A hobgoblin is nearby!
The hobgoblin shouts!
The hobgoblin barely misses you.
You hit the hobgoblin. You burn the hobgoblin. The hobgoblin hits you.
A rat comes into view.
You hit the hobgoblin. You burn the hobgoblin.
You kill the hobgoblin!
Found Jikym's Armour Boutique.
The rat bites you.
You hit the rat. You burn the rat.
You kill the rat!
No target in view!
No target in view!
No target in view!
No target in view!
No target in view!
No target in view!
Found an escape hatch in the floor.
There is an entrance to Jikym's Armour Boutique here.
There is a staircase leading out of the dungeon here.
Are you sure you want to leave the Dungeon?
This will make you lose the game!
You have escaped!

#.#.....#######..#
#......[.........#
.........#####...#
.........# #..∩#
8.8###8.8# #...# #
#####.## #...#
#.#.#.#.# #.###
#.......# #.#
#...@...# #.#
#.......# #.
#.#.#.#.#
#.#####.# # #.#
#.# .#


There were no monsters in sight!

Vanquished Creatures
  A hobgoblin (D:1)
  A ball python (D:1)
  2 rats (D:1)
4 creatures vanquished.

Notes
Turn   | Place    | Note
-------+----------+-------------------------------------------
     0 | D:1      | theswoord the Mummy Cinder Acolyte began the quest for the
                  | Orb.
     0 | D:1      | Reached XP level 1. HP: 18/18 MP: 2/2
    41 | D:1      | Found Jikym's Armour Boutique.
    76 | D:$      | Safely got out of the dungeon.

Action                     || total
---------------------------++-------
  Melee: Mace              ||     8
  Dodge: Dodged            ||     5

Levels and vault maps discovered:
D:1:      psy_arrival_basics, layout_loops_ring, serial_shops,
          nicolae_shop_overgrown_old_shop, shop, minmay_door_square
